 Dungeon Crawl Stone Soup version 0.18-a0-844-g9229740 (webtiles) character file.

132 mcbry74 the Poker (level 5, -1/40 HPs)
             Began as a Merfolk Gladiator on Dec 19, 2015.
             Was an Initiate of Nemelex Xobeh.
             Slain by an orc
             ... wielding a +0 dagger
              (4 damage)
             ... on level 3 of the Dungeon.
             The game lasted 00:13:45 (2038 turns).

mcbry74 the Poker (Merfolk Gladiator)               Turns: 2038, Time: 00:13:45

Health: -1/40      AC:  5    Str: 16    XL:     5   Next: 15%
Magic:  5/5        EV: 14    Int:  8    God:    Nemelex Xobeh [......]
Gold:   89         SH:  0    Dex: 14    Spells: 0 memorised, 4 levels left

rFire  + . .     SeeInvis .     a - +0 trident
rCold  . . .     Gourm    .     b - +0 leather armour
rNeg   . . .     Faith    .     (no shield)
rPois  .         Spirit   .     c - +0 helmet
rElec  .         Dismiss  .     k - +0 cloak
rCorr  .         Reflect  .     (no gloves)
SustAt .         Harm     .     (no boots)
MR     .....                    (no amulet)
Stlth  +.........               (no ring)
                                l - ring of protection from fire

@: not resistant to hostile enchantments, very unstealthy
A: change form in water, swift swim
a: Renounce Religion


You were on level 3 of the Dungeon.
You worshipped Nemelex Xobeh.
Nemelex Xobeh was noncommittal.
You were not hungry.

You visited 1 branch of the dungeon, and saw 3 of its levels.

You collected 89 gold pieces.

Inventory:

Hand Weapons
 a - a +0 trident (weapon)
Missiles
 d - 2 throwing nets (quivered)
Armour
 b - a +0 leather armour (worn)
 c - a +0 helmet (worn)
 k - a +0 cloak (worn)
Jewellery
 l - a ring of protection from fire (left hand)
Wands
 m - a wand of hasting (5)
Scrolls
 j - a scroll of teleportation {unknown}
 n - 2 scrolls of remove curse
 p - a scroll of amnesia {unknown}
 q - a scroll of random uselessness {unknown}
Potions
 h - a potion of beneficial mutation {unknown}
 o - a potion of might {unknown}
Comestibles
 f - 2 bread rations
 g - 2 meat rations
 i - a chunk of flesh


   Skills:
 + Level 2.9 Fighting
 * Level 6.4 Polearms
 + Level 2.1 Throwing
 + Level 5.3 Dodging
 - Level 1.0 Stealth


You had 4 spell levels left.
You didn't know any spells.

Dungeon Overview and Level Annotations

Branches:
Dungeon (3/15)

Altars:
Makhleb
Nemelex Xobeh
Ru
Sif Muna
Xom
Beogh


Message History

You hit the orc priest but do no damage.
The orc priest is almost dead.
The orc wizard gestures wildly while chanting.
The orc wizard blinks!
You puncture the orc priest!
You kill the orc priest!
You have reached level 5!
You feel clever.
The orc throws a tomahawk.
The tomahawk hits you but does no damage.
You barely miss the orc wizard.
The orc wizard is heavily wounded.
The orc wizard hits you with a dagger.
* * * LOW HITPOINT WARNING * * *
The orc wizard hits you but does no damage.
You hit the orc wizard but do no damage.
The orc wizard is heavily wounded.
The orc wizard barely misses you. The orc hits you with a dagger.
You die...
Your body disappears without a glow.

### #.# o$## #.#
o8$# ###.# ...#
..#.# .8.# #.#.##
..# #.#..##)#
####.#.o@o.#
#.......####
....##.##.# # #
#.##.# #. ###
#.##.#
#.###.####.##.#
#....#.....##.#
###...###.#####.#
..####[#.######.#


You could see an orc wizard and an orc.

Vanquished Creatures
  An orc priest (D:3)
  An orc wizard (D:3)
  2 adders (D:2)
  A worm (D:2)
  An orc (D:3)
  2 giant cockroaches (D:2)
  7 goblins
  5 hobgoblins
  7 jackals
  6 kobolds
  3 bats
  A giant gecko (D:1)
  A giant newt (D:2)
  A quokka (D:2)
  14 rats
53 creatures vanquished.

Notes
Turn   | Place    | Note
--------------------------------------------------------------
     0 | D:1      | mcbry74 the Merfolk Gladiator began the quest for the Orb.
     0 | D:1      | Reached XP level 1. HP: 16/16 MP: 1/1
    36 | D:1      | Reached XP level 2. HP: 13/22 MP: 2/2
   273 | D:1      | Reached skill level 5 in Polearms
   918 | D:1      | Reached XP level 3. HP: 28/28 MP: 3/3
  1053 | D:2      | Found a shimmering altar of Xom.
  1066 | D:2      | Found a burning altar of Makhleb.
  1306 | D:2      | Reached skill level 1 in Stealth
  1343 | D:2      | Reached XP level 4. HP: 29/34 MP: 4/4
  1731 | D:2      | Found a sacrificial altar of Ru.
  1731 | D:2      | Found a sparkling altar of Nemelex Xobeh.
  1745 | D:2      | Became a worshipper of Nemelex Xobeh the Trickster
  1842 | D:2      | Found a deep blue altar of Sif Muna.
  2004 | D:3      | Found a roughly hewn altar of Beogh.
  2013 | D:3      | Reached skill level 6 in Polearms
  2013 | D:3      | Reached skill level 5 in Dodging
  2036 | D:3      | Reached XP level 5. HP: 4/40 MP: 5/5
  2038 | D:3      | Slain by an orc

Vault maps used:
D:1:      erik_arrival_orb_chamber
D:2:      grunt_temple_overflow_open, lemuel_blue_sif_altar,
          gammafunk_temple_overflow_elements
D:3:      gammafunk_temple_overflow_pools, nicolae_overflow_hidden_temple,
          kennysheep_orc_chapel, uniq_terence

Action                   |  1- 3 |  4- 6 || total
-------------------------+-------+-------++-------
Melee: Trident           |   147 |    51 ||   198
Throw: Throwing net      |       |     1 ||     1
  Use: Scroll            |     5 |       ||     5
       Potion            |       |     1 ||     1
 Stab: Distracted        |     1 |       ||     1
       Sleeping          |     1 |       ||     1
  Eat: Chunk             |     2 |       ||     2
       Pizza             |       |     1 ||     1
